 Dungeon Crawl Stone Soup version 0.30-a0-793-g160f7cfddd (webtiles) character file.

Game seed: 8907970602844645620

9135 freelancePsychic the Fighter (level 11, -9/81 HPs)
             Began as a Demonspawn Fighter on Feb 19, 2023.
             Was an Elder of Hepliaklqana.
             Mangled by a komodo dragon (20 damage)
             ... on level 1 of the Lair of Beasts.
             The game lasted 00:18:35 (12877 turns).

freelancePsychic the Fighter (Demonspawn Fighter)  Turns: 12877, Time: 00:18:36

Health: -9/81      AC:  3    Str: 22    XL:     11   Next: 19%
Magic:  17/17      EV: 14    Int:  9    God:    Hepliaklqana [****..]
Gold:   609        SH:  5    Dex: 18    Spells: 10/10 levels left

rFire   . . .      SeeInvis .    q - +2 dagger (venom)
rCold   . . .      Faith    .    c - +0 buckler
rNeg    . . .      Spirit   .    p - +0 leather armour
rPois   .          Reflect  .    (helmet restricted)
rElec   .          Harm     .    (no cloak)
rCorr   .          Rampage  .    (gloves unavailable)
Will    +....                    (no boots)
Stlth   ++++                     (no amulet)
HPRegen 0.33/turn                y - ring of willpower
MPRegen 0.15/turn                s - +6 ring of strength

@: studying Unarmed Combat
A: reduced essence, antennae 2, claws 3, hooves 2, powered by death 1
a: Renounce Religion, Recall Ancestor, Ancestor Identity, Transference, Idealise


You were on level 1 of the Lair of Beasts.
You worshipped Hepliaklqana.
Hepliaklqana was greatly pleased with you.
You visited 2 branches of the dungeon, and saw 12 of its levels.

You collected 687 gold pieces.
You spent 78 gold pieces at shops.

Inventory:

Hand Weapons
 a - a +0 flail
 q - a +2 dagger of venom (weapon)
Armour
 b - a +0 scale mail
 c - a +0 buckler (worn)
 e - a +0 pair of gloves
 h - a +1 helmet
 p - a +0 leather armour (worn)
Jewellery
 s - a +6 ring of strength (right claw)
 y - a ring of willpower (left claw)
 D - a +6 ring of intelligence
Wands
 x - a wand of flame (35)
 A - a wand of paralysis (6)
Scrolls
 f - 3 scrolls of teleportation {@r4}
 j - a scroll of noise
 k - 3 scrolls of fog
 l - a scroll of vulnerability
 m - 2 scrolls of butterflies
 n - 3 scrolls of immolation
 t - a scroll of blinking
 E - a scroll of poison
Potions
 d - 2 potions of might
 i - a potion of lignification
 o - 2 potions of curing {unknown}
 r - a potion of mutation {unknown}
 u - 2 potions of berserk rage {unknown}
 v - 4 potions of brilliance {unknown}
 z - a potion of haste {unknown}
 C - 2 potions of invisibility {unknown}


   Skills:
 + Level 9.7 Fighting
 - Level 5.0 Short Blades
 - Level 1.7 Maces & Flails
 - Level 2.6 Armour
 + Level 4.8 Dodging
 - Level 8.0 Stealth
 - Level 2.6 Shields
 * Level 7.0 Unarmed Combat
 - Level 8.0 Invocations


You had 10 spell levels left.
You didn't know any spells.
Your spell library contained the following spells:

 Spells                   Type           Power      Damage    Failure   Level
 Shock                    Conj/Air       0%         1d3       54%         1
 Sublimation of Blood     Necr           0%         N/A       67%         2
 Swiftness                Air            0%         N/A       88%         3
 Airstrike                Air            0%         2d(0-16)  99%         4
 Olgreb's Toxic Radiance  Pois           0%         N/A       99%         4
 Petrify                  Tmut/Erth      0%         N/A       99%         4
 Irradiate                Conj/Tmut      0%         3d11      100%        5
 Summon Forest            Summ/Tloc      0%         N/A       100%        5
 Summon Mana Viper        Hex/Summ       0%         N/A       100%        5
 Summon Cactus Giant      Summ           0%         N/A       100%        6
 Ozocubu's Refrigeration  Ice            0%         4d7       100%        7
 Ignition                 Fire           0%         3d3       100%        8


Dungeon Overview and Level Annotations

Branches:
Dungeon (11/15)            Temple (0/1) D:4            Lair (1/5) D:9
    Orc: D:9-12

Altars:
Dithmenos
Fedhas
Gozag
Hepliaklqana
Kikubaaqudgha
Okawaru
Qazlal
Sif Muna
Uskayaw
Wu Jian
Yredelemnul

Shops:
D:1 [   D:7 [*(?

Annotations:
D:4 Eustachio
D:6 2 runed translucent doors, exclusion: 2 wights
D:9 3 runed translucent doors, testman's ghost, novice DsVM


Innate Abilities, Weirdness & Mutations

Your life essence is reduced to manifest your ancestor. (-10% HP)
You have a pair of antennae on your head.
You have claws for hands.
You have hoof-like feet.
You regenerate a little health from kills.


Message History

The komodo dragon is poisoned.
You kick the komodo dragon, but do no damage.
You block the komodo dragon's attack.
You barely miss the komodo dragon. Your kick misses the komodo dragon.
The komodo dragon barely misses you.
You hit the komodo dragon but do no damage.
The komodo dragon looks as sick as possible!
You kick the komodo dragon!
The komodo dragon is lightly wounded.
The komodo dragon bites you!!
You are too injured to fight recklessly!
You are too injured to fight recklessly!
You are too injured to fight recklessly!
You are too injured to fight recklessly!
You are too injured to fight recklessly!
You are too injured to fight recklessly!
You are too injured to fight recklessly!
You are too injured to fight recklessly!
You are too injured to fight recklessly!
You are too injured to fight recklessly!
You are too injured to fight recklessly!
You are too injured to fight recklessly!
You are too injured to fight recklessly!
You are too injured to fight recklessly!
You are too injured to fight recklessly!
You hit the komodo dragon but do no damage.
The komodo dragon is lightly wounded.
You hit the komodo dragon.
The komodo dragon looks as sick as possible!
You kick the komodo dragon, but do no damage.
The komodo dragon is moderately wounded.
Kendra barely misses the butterfly.
The komodo dragon bites you!!
You barely miss the komodo dragon. You kick the komodo dragon.
The komodo dragon is heavily wounded.
The electric eel shoots out a bolt of lightning at you!
The bolt of electricity hits the plant!
The plant begins to die.
The bolt of electricity hits you!
* * * LOW HITPOINT WARNING * * *
The komodo dragon bites you!!
You die...

###..#### #P......#...
##....# #P.....#....
♣♣♣####....####P......P#...
♣P~PPP~~P....#P#.....P#....
~~~~~~~P~......#P.....P#....
~~~PPPP~PP......#P..PP#.....
~≈≈≈~~P~~~......#P..##......
≈≈≈≈≈~~PP........#P. . ..
≈≈≈≈≈~~~P..@......#
≈≈≈≈≈~P~SP.l......#
≈≈≈~PPP~~...R.b....
~~~PP......$...
~~~~PP.........
~P~P~P.........
....#..........
..###.......[..


You could see the friendly Kendra the knight, a komodo dragon (extremely
poisoned) and an electric eel.

Vanquished Creatures
  A cyclops (D:11)
  A cane toad (Lair:1)
  Sigmund (D:5)
  2 yaks
  2 water moccasins
  2 orc warriors
  An ice beast (D:5)
  2 black bears
  5 ogres
  3 centaurs
  A wolf (Lair:1)
  A phantom (D:5)
  2 kobold brigands (D:8)
  A necrophage (D:5)
  3 bullfrogs
  3 scorpions
  2 howler monkeys
  6 orc priests
  4 hounds
  A jelly (D:6)
  5 iguanas
  6 orc wizards
  3 gnolls
  9 adders
  2 shadow imps
  A worm (D:2)
  5 dart slugs
  21 orcs
  5 bats
  13 endoplasms
  3 giant cockroaches
  11 goblins
  5 hobgoblins
  6 jackals
  3 quokkas
  9 ball pythons
  4 frilled lizards
  10 kobolds
  8 rats
173 creatures vanquished.

Vanquished Creatures (collateral kills)
  A torpor snail (Lair:1)
  A kobold demonologist (D:10)
  A komodo dragon (Lair:1)
  2 wyverns (D:9)
  A wraith (D:10)
  9 yaks (Lair:1)
  2 basilisks (D:9)
  A water moccasin (Lair:1)
  2 orc warriors
  A sky beast (D:8)
  An ogre (D:8)
  4 wolves (Lair:1)
  3 kobold brigands
  2 bullfrogs
  8 wights
  2 gnoll boudas (D:8)
  7 orc priests
  3 jellies (D:6)
  2 iguanas
  5 orc wizards
  6 gnolls
  2 adders
  10 orcs
  A butterfly (Lair:1)
77 creatures vanquished.

Vanquished Creatures (others)
  4 knights
  An ancestor (D:5)
  7 fungi
  19 plants
31 creatures vanquished.

Grand Total: 281 creatures vanquished

Notes
Turn   | Place    | Note
-------+----------+-------------------------------------------
     0 | D:1      | freelancePsychic the Demonspawn Fighter began the quest for
                  | the Orb.
     0 | D:1      | Reached XP level 1. HP: 18/18 MP: 1/1
    66 | D:1      | Reached skill level 1 in Stealth
    90 | D:1      | Discovered your monstrous ancestry.
    90 | D:1      | Gained mutation: You have sharp fingernails. [demonic
                  | ancestry]
    90 | D:1      | Reached XP level 2. HP: 22/24 MP: 2/2
   399 | D:1      | Gained mutation: You have very sharp fingernails. [demonic
                  | ancestry]
   399 | D:1      | Reached XP level 3. HP: 26/29 MP: 3/3
   417 | D:1      | Found Losiudoj's Armour Shop.
  1074 | D:2      | Gained mutation: You have large cloven feet. [demonic
                  | ancestry]
  1074 | D:2      | Reached XP level 4. HP: 35/35 MP: 4/4
  1734 | D:1      | Bought a +0 leather armour for 26 gold pieces
  2287 | D:3      | Found a hazy altar of Hepliaklqana.
  2297 | D:3      | Became a worshipper of Hepliaklqana the Forgotten
  2307 | D:3      | Gained mutation: You have a pair of small antennae on your
                  | head. [demonic ancestry]
  2307 | D:3      | Reached XP level 5. HP: 27/41 MP: 5/5
  2553 | D:3      | Reached skill level 1 in Short Blades
  2714 | D:3      | Found a faded altar of an unknown god.
  2905 | D:3      | Found a hide-covered altar of Uskayaw.
  2991 | D:4      | Found a staircase to the Ecumenical Temple.
  3270 | D:4      | Found a shimmering blue altar of Sif Muna.
  3275 | D:4      | Noticed Eustachio
  3499 | D:4      | Reached skill level 5 in Stealth
  3514 | D:4      | Gained mutation: You have a pair of antennae on your head.
                  | [demonic ancestry]
  3514 | D:4      | Reached XP level 6. HP: 45/47 MP: 6/6
  3716 | D:4      | Reached * piety under Hepliaklqana
  4052 | D:5      | Entered Level 5 of the Dungeon
  4064 | D:5      | Reached skill level 4 in Fighting
  4100 | D:5      | Gained mutation: You regenerate a little health from kills.
                  | [demonic ancestry]
  4100 | D:5      | Reached XP level 7. HP: 45/48 MP: 7/7
  4318 | D:5      | Noticed Sigmund
  4329 | D:5      | Killed Sigmund
  4742 | D:5      | Reached XP level 8. HP: 43/54 MP: 8/8
  5330 | D:6      | Reached skill level 5 in Fighting
  5471 | D:6      | Reached skill level 5 in Short Blades
  5654 | D:6      | Found a stormy altar of Qazlal.
  6177 | D:6      | Found an opulent altar of Gozag.
  6299 | D:6      | Reached ** piety under Hepliaklqana
  6300 | D:6      | Remembered your ancestor Kendra as a knight
  6372 | D:6      | Found a runed translucent door.
  6374 | D:6      | Found a runed translucent door.
  6715 | D:3      | Reached skill level 1 in Invocations
  7116 | D:6      | Reached skill level 6 in Fighting
  7247 | D:6      | Gained mutation: You have hoof-like feet. [demonic
                  | ancestry]
  7247 | D:6      | Reached XP level 9. HP: 63/63 MP: 11/11
  7740 | D:7      | Found Sapoepheix's Weapon Shop.
  7745 | D:7      | Found Gyecorgh's General Store.
  7749 | D:7      | Paralysed by an orc for 2 turns
  7754 | D:7      | Found Eteolad's Magic Scroll Shop.
  7756 | D:7      | Bought a scroll of fear for 52 gold pieces
  7982 | D:7      | Found an ornate altar of the Wu Jian Council.
  8011 | D:7      | Found Vasagg's Armour Emporium.
  8189 | D:8      | Found a shadowy altar of Dithmenos.
  8227 | D:8      | Reached skill level 7 in Fighting
  8227 | D:8      | Reached skill level 5 in Invocations
  8922 | D:8      | Reached *** piety under Hepliaklqana
  9088 | D:8      | Reached skill level 8 in Fighting
  9259 | D:8      | Reached skill level 1 in Unarmed Combat
  9465 | D:8      | HP: 3/66 [poisoned by a kobold brigand (curare-tipped
                  | dart)]
  9467 | D:8      | HP: 1/66 [poisoned by a kobold brigand (curare-tipped
                  | dart)]
  9683 | D:8      | Reached skill level 1 in Dodging
  9982 | D:8      | Gained mutation: You have claws for hands. [demonic
                  | ancestry]
  9982 | D:8      | Reached XP level 10. HP: 72/72 MP: 16/16
 10228 | D:9      | Found a runed translucent gate.
 10228 | D:9      | Found a runed translucent gate.
 10228 | D:9      | Found a runed translucent gate.
 10228 | D:9      | Noticed testman's ghost (novice DsVM)
 10254 | D:9      | Found a staircase to the Lair.
 10758 | D:9      | Found an iron altar of Okawaru.
 11075 | D:10     | Entered Level 10 of the Dungeon
 11174 | D:10     | Found an ancient bone altar of Kikubaaqudgha.
 11274 | D:10     | Found a basalt altar of Yredelemnul.
 11309 | D:10     | Found a blossoming altar of Fedhas.
 11992 | D:11     | Noticed a cyclops
 12003 | D:11     | Killed a cyclops
 12004 | D:11     | Reached skill level 9 in Fighting
 12004 | D:11     | Reached skill level 5 in Unarmed Combat
 12039 | Lair:1   | Entered Level 1 of the Lair of Beasts
 12442 | Lair:1   | Reached XP level 11. HP: 80/80 MP: 17/17
 12724 | Lair:1   | Reached **** piety under Hepliaklqana
 12725 | Lair:1   | Identified a scroll of acquirement
 12725 | Lair:1   | Acquired a manual of Unarmed Combat
 12877 | Lair:1   | Mangled by a komodo dragon

Illustrated notes

Levels and vault maps discovered:
D:1:      nicolae_arrival_washed_ashore, layout_loops_cross, serial_shops,
          nicolae_diamond_shop
D:2:      layout_loops_ring, kennysheep_another_room,
          dreamdust_mushroom_princess
D:3:      layout_loops_ring, mainiacjoe_overflow_alcove_2,
          mainiacjoe_overflow_surrounded_room,
          shapermc_ecumenical_altar_mp_vishouse
D:4:      layout_loops_cross, nicolae_sif_muna_condensation,
          minmay_temple_entry_statues_fountains, uniq_eustachio
D:5:      layout_basic, uniq_sigmund
D:6:      lemuel_insect_pit, layout_loops_corners,
          nicolae_overflow_crystal_walls, nicolae_qazlal_general_emergency,
          minmay_fountain_box
D:7:      layout_basic, nzn_wu_jian_contemplation, serial_shops,
          nicolae_shop_statue_plus, shop, nicolae_stop_n_shop_1,
          nicolae_shop_hallway_stairs, kennysheep_generic_room_11
D:8:      kennysheep_seaside_town, layout_basic, mainiacjoe_overflow_paths
D:9:      layout_roguey, gammafunk_temple_overflow_elements, david_lair_generic,
          ebering_ghost_rock_garden
D:10:     layout_roguey, mainiacjoe_overflow_cross_hatched, fedhas_altar_3,
          mainiacjoe_overflow_catch_the_wave, grunt_decor_one_mirror
D:11:     layout_small_grid, eino_tiny_chamber, trog_hazing_becter
Lair:1:   layout_layer_cave, hangedman_lair_unloving_vines, st_stairs_13,
          serial_bayou_shore_a, grunt_megastairs_2, lemuel_fruit_fields,
          uniq_amaemon

Skill      XL: |  1  2  3  4  5  6  7  8  9 10 11 |
---------------+----------------------------------+-----
Stealth        | 1 2 3 4 5 6 8 |  8.0
Short Blades   | 1 3 4 5 |  5.0
Fighting       | 4 6 8 9 |  9.7
Invocations    | 3 8 |  8.0
Unarmed Combat | 2 6 7 |  7.0
Dodging        | 1 4 |  4.8
Maces & Flails | |  1.7
Armour         | |  2.6
Shields        | |  2.6

Action                     |  1- 3 |  4- 6 |  7- 9 | 10-12 || total
---------------------------+-------+-------+-------+-------++-------
  Melee: Flail             |   107 |    44 |       |       ||   151
         Kick              |       |    43 |   107 |    53 ||   203
         Dagger            |       |   100 |   298 |   133 ||   531
 Invoke: Ancestor Identity |       |     1 |       |       ||     1
         Recall Ancestor   |       |       |     3 |     3 ||     6
         Ancestor Life: Kn |       |       |     1 |       ||     1
         Transference      |       |       |     1 |       ||     1
  Evoke: Wand              |       |       |     1 |       ||     1
    Use: Potion            |       |     1 |     3 |     1 ||     5
         Scroll            |       |     8 |     2 |     6 ||    16
   Stab: Sleeping          |     1 |     8 |     4 |     3 ||    16
         Distracted        |       |     1 |     2 |     2 ||     5
 Armour: Scale mail        |    68 |    13 |       |       ||    81
         Leather armour    |       |    17 |    46 |    11 ||    74
  Dodge: Dodged            |    43 |    41 |   131 |    47 ||   262
  Block: Buckler           |    27 |    36 |    52 |    18 ||   133

Table legend: (Time is in decaauts)
 A = Elapsed time spent in this place.
 B = Non-inter-level travel time spent in this place.
 C = Inter-level travel time spent in this place.
 D = Time resting spent in this place.
 E = Time spent auto-exploring this place.
 F = Levels seen in this place.
 G = Mean time per level.
                   A        B        C        D        E       F      G
               +--------+--------+--------+--------+--------+-----+--------+
         Total |  12882 |  11977 |    905 |    290 |   9588 |  12 | 1073.5 |
       Dungeon |  12046 |  11142 |    904 |    290 |   8950 |  11 | 1095.1 |
          Lair |    835 |    835 |      0 |      0 |    637 |   1 |  835.0 |
               +--------+--------+--------+--------+--------+-----+--------+

Top non-repeatable levels by time:
     D:6: 1977 daAuts
     D:8: 1936 daAuts
     D:5: 1294 daAuts
     D:3: 1171 daAuts
     D:4: 1139 daAuts
     D:1: 1082 daAuts
     D:9: 972 daAuts
     D:2: 878 daAuts
  Lair:1: 835 daAuts
    D:10: 772 daAuts
     D:7: 650 daAuts
    D:11: 172 daAuts
